AoeStats
← Kaos

Hideout

509307908Analyzed
1v1 RM · 7d ago on Sep 26, 2026· 73m 4s· 2 players
Game mode
Random Map
Map size
Tiny (2 player)
Population
200
Speed
Normal
Resources
Standard
Victory
Conquest
Starting age
Dark Age
Ending age
Imperial Age
RankedLock teamsTeams togetherTeam positionsShared explorationLock speedFull tech treeHidden civsTurbo modeCheats
Victory
Defeat
🇪🇸 Khmer · Spain
587
+14
🇮🇳 Berbers · India
553
-14
khnayz
7:57 Loom
11:01 Feudal Age
11:31 Horse Collar
11:48 Double-Bit Axe
16:36 Gold Mining
19:45 Castle Age
18:33 Bloodlines
20:40 Husbandry
20:47 Light Cavalry
22:45 Scale Barding Armor
22:51 Forging
23:01 Stone Mining
24:37 Heavy Plow
24:50 Bow Saw
25:30 Stone Shaft Mining
25:24 Fletching
25:35 Padded Archer Armor
30:16 Ballistics
30:10 Fortified Wall
34:08 Imperial Age
32:17 Wheelbarrow
32:01 Leather Archer Armor
33:37 Gold Shaft Mining
34:26 Hand Cart
34:01 Town Watch
35:03 Chain Barding Armor
36:52 Hoardings
36:38 Cavalier
39:03 Chemistry
38:15 Masonry
38:01 Murder Holes
38:32 Elite Genitour
39:50 Ring Archer Armor
39:16 Bodkin Arrow
42:12 Siege Engineers
42:42 Town Patrol
42:13 Hussar
48:49 Onager
49:23 Pikeman
50:04 Squires
51:13 Scale Mail Armor
51:08 Bodkin Arrow
58:57 Chain Mail Armor
62:37 Plate Barding Armor
Kaos
9:26 Loom
11:12 Feudal Age
15:56 Double-Bit Axe
16:12 Fletching
17:23 Wheelbarrow
19:44 Castle Age
18:31 Padded Archer Armor
19:05 Horse Collar
22:40 Crossbowman
22:56 Pikeman
24:24 Bodkin Arrow
29:32 Bow Saw
29:24 Heavy Plow
31:08 Scale Mail Armor
31:21 Forging
34:25 Tusk Swords
35:18 Hand Cart
38:47 Imperial Age
37:01 Gold Mining
37:39 Town Watch
39:39 Elite Ballista Elephant
40:51 Double Crossbow
41:25 Bracer
42:18 Crop Rotation
45:18 Ballistics
44:48 Heated Shot
50:28 Chemistry
49:39 Masonry
50:23 Halberdier
53:01 Architecture
52:29 Murder Holes
57:09 Capped Ram
58:04 Siege Ram
59:52 Chain Mail Armor
60:14 Iron Casting
59:55 Leather Archer Armor
59:56 Siege Engineers
Connection lost

Rejoining the realm…

Still unreachable

The connection could not be restored.

Session expired

The server has moved on; the page needs a fresh start.